 Dungeon Crawl Stone Soup version 0.29-a0-284-gf9362112df (webtiles) character file.

Game seed: 12921753628063527888

21 KingTuna the Skirmisher (level 2, 21/32 HPs)
             Began as an Ogre Berserker on Mar 30, 2022.
             Was a Follower of Trog.
             Quit the game on level 2 of the Dungeon on Apr 13, 2022.
             The game lasted 00:10:34 (499 turns).

KingTuna the Skirmisher (Ogre Berserker)             Turns: 499, Time: 00:10:35

Health: 21/32      AC:  3    Str: 20    XL:     2   Next: 83%
Magic:  2/2        EV: 10    Int:  8    God:    Trog [*.....]
Gold:   39         SH:  0    Dex:  8    Spells: 1/1 levels left

rFire   . . .      SeeInvis .   i - +0 hunting sling
rCold   . . .      Faith    .   (no shield)
rNeg    . . .      Spirit   .   b - +0 animal skin
rPois   .          Reflect  .   (helmet restricted)
rElec   .          Harm     .   (no cloak)
rCorr   .          Rampage  .   (gloves unavailable)
Will    .....                   (boots unavailable)
Stlth   +.........              (no amulet)
HPRegen 0.10/turn               (no ring)
MPRegen 0.08/turn               (no ring)

@: no status effects
A: large, unfitting armour, tough skin 1
a: Renounce Religion, Berserk


You were on level 2 of the Dungeon.
You worshipped Trog.
Trog was aware of your devotion.
You visited 1 branch of the dungeon, and saw 2 of its levels.

You collected 39 gold pieces.

Inventory:

Hand Weapons
 a - a +0 spear
 c - a +0 whip
 e - a +1 dagger of holy wrath
 f - a +0 short sword
 h - a +0 whip
 i - a +0 hunting sling (weapon)
 o - a +0 club
 p - a +0 dagger
Missiles
 j - 5 stones
Armour
 b - a +0 animal skin (worn)
 d - a +1 scale mail of cold resistance
 l - a +0 ring mail
Scrolls
 g - a scroll of teleportation {unknown}
 k - a scroll of holy word {unknown}
 m - a scroll of identify {unknown}
 n - a scroll of amnesia {unknown}


   Skills:
 + Level 4.3 Fighting
 + Level 0.6 Short Blades
 + Level 3.3 Polearms
 + Level 3.0 Dodging


You had one spell level left.
You didn't know any spells.
Your spell library was empty.

Dungeon Overview and Level Annotations

Branches:
Dungeon (2/15)

Altars:


Innate Abilities, Weirdness & Mutations

You are too large for most types of armour.
You have tough skin. (AC +1)


Message History

Aim: a hobgoblin (severely wounded, about 37% to evade your +1 dagger of holy wrath)
You hit the hobgoblin but do no damage.
The hobgoblin is severely wounded.
The hobgoblin closely misses you.
You hit the hobgoblin but do no damage.
The hobgoblin is severely wounded.
The hobgoblin barely misses you.
You barely miss the hobgoblin.
The hobgoblin is severely wounded.
The hobgoblin misses you.
You hit the hobgoblin.
The hobgoblin is almost dead.
The hobgoblin hits you.
You hit the hobgoblin.
You kill the hobgoblin!
Trog accepts your kill.
Found a pair of boots.
You now have 39 gold pieces (gained 8).
You see here a +0 pair of boots.
You open the door.
A kobold comes into view. It is wielding a +0 short sword.
The kobold shouts!
Found 5 gold pieces.
You see here a +0 pair of boots.
Your +1 dagger of holy wrath stops glowing.
i - a +0 hunting sling (weapon)
What are your orders? t - Shout!
Orders for allies: a - Attack new target. r - Retreat! s - Stop attacking. g - Guard the area. f - Follow me.
Anything else - Cancel.
You shout for attention!
Welcome back, KingTuna the Ogre Berserker.
Trog says: Kill them all!
Press ? for a list of commands and other information.
Fire: i) +0 hunting sling
Press: ? - help, Shift-Dir - straight line Unknown command.
Are you sure you want to abandon this character and quit the game? (Confirm with "yes".)

#.#....#####
#.########.#.##.#....
.......<.#.#.#......
..###...........#.#
#...........#.#
#.............#
.......#.#.#..########
########.#.##.........
..#....@#######
########K# . #[# ..
#.# ... #.# .... #.#
..... #.# ......#.#
......'.#


You could see a kobold.

Vanquished Creatures
  A ball python (D:1)
  5 endoplasms (D:1)
  A giant cockroach (D:1)
  3 goblins (D:1)
  A hobgoblin (D:2)
  3 kobolds (D:1)
  A bat (D:1)
  2 frilled lizards (D:1)
  A rat (D:1)
18 creatures vanquished.

Notes
Turn   | Place    | Note
-------+----------+-------------------------------------------
     0 | D:1      | KingTuna the Ogre Berserker began the quest for the Orb.
     0 | D:1      | Reached XP level 1. HP: 24/24 MP: 1/1
   312 | D:1      | Reached XP level 2. HP: 23/32 MP: 2/2
   499 | D:2      | Quit the game

Illustrated notes

Levels and vault maps discovered:
D:1:      dpeg_arrival_more_subterranean_lakeside_camping, layout_basic,
          minmay_cupped
D:2:      minmay_diamond_boxcup, layout_basic, grunt_ministairs_8,
          guppyfry_early_orc_mine

Skill      XL: |  1  2 |
---------------+-------+-----
Dodging        | 3 |  3.0
Fighting       | |  4.3
Short Blades   | |  0.6
Polearms       | |  3.3

Action                   || total
-------------------------++-------
Melee: Short sword       ||    27
       Whip              ||     1
       Spear             ||    10
       Dagger            ||     8
       Hunting sling     ||     2
  Use: Potion            ||     2
Armor: Animal skin       ||    21
Dodge: Dodged            ||    28

Table legend: (Time is in decaauts)
 A = Elapsed time spent in this place.
 B = Non-inter-level travel time spent in this place.
 C = Inter-level travel time spent in this place.
 D = Time resting spent in this place.
 E = Time spent auto-exploring this place.
 F = Levels seen in this place.
 G = Mean time per level.
                   A        B        C        D        E       F      G
               +--------+--------+--------+--------+--------+-----+--------+
         Total |    471 |    471 |      0 |      0 |      0 |   2 |  235.5 |
       Dungeon |    471 |    471 |      0 |      0 |      0 |   2 |  235.5 |
               +--------+--------+--------+--------+--------+-----+--------+

Top non-repeatable levels by time:
     D:1: 428 daAuts
     D:2: 42 daAuts
